 Dungeon Crawl Stone Soup version 0.26.1-10-gdfb7c7de75 (webtiles) character file.

Game seed: 6936954405557625337

2565 GenialerGandalf the Cleaver (level 9, 0/118 HPs)
             Began as a Hill Orc Fighter on Apr 5, 2021.
             Succumbed to a gnoll sergeant's poison
             ... on level 6 of the Dungeon on Apr 6, 2021.
             The game lasted 00:33:16 (6491 turns).

GenialerGandalf the Cleaver (Hill Orc Fighter)      Turns: 6491, Time: 00:33:17

Health: 0/118      AC: 24    Str: 22    XL:     9   Next: 57%
Magic:  9/9        EV:  2    Int:  8    God:
Gold:   432        SH: 11    Dex: 10    Spells: 8/8 levels left

rFire    . . .     SeeInvis .   a - +0 war axe
rCold    + . .     Faith    .   c - +0 kite shield
rNeg     + + +     Spirit   .   (armour currently unavailable)
rPois    +         Reflect  .   (helmet currently unavailable)
rElec    .         Harm     .   (cloak currently unavailable)
rCorr    .         Rampage  .   (gloves currently unavailable)
Will     .....     NoTele   +   (boots currently unavailable)
Stlth    +.........             i - amulet of regeneration
HPRegen  0.69/turn              f - ring of protection from cold
MPRegen  0.11/turn              (no ring)

@: lethally poisoned (0 -> -8), tree-form
A: no striking features
a: no special abilities


You were on level 6 of the Dungeon.
You were a tree.
You visited 1 branch of the dungeon, and saw 6 of its levels.
You also visited: Sewer.

You collected 432 gold pieces.

Inventory:

Hand Weapons
 a - a +0 war axe (weapon)
 G - a +0 shortbow
Missiles
 m - 211 stones
 p - 21 poisoned darts
 r - 25 bolts
 w - 69 arrows
 E - 22 sling bullets
Armour
 b - a +0 scale mail
 c - a +0 kite shield (worn)
 l - a +0 pair of boots (melded)
 s - a +0 chain mail (melded)
 u - a +0 helmet (melded)
Jewellery
 f - a ring of protection from cold (left branch)
 i - an amulet of regeneration (around neck)
 x - an uncursed ring of stealth {unknown}
 y - an uncursed ring of wizardry {unknown}
Wands
 D - a wand of flame (17) (quivered)
 I - a wand of iceblast (11)
Scrolls
 e - 3 scrolls of remove curse
 g - a scroll of fog
 h - 6 scrolls of identify
 j - 2 scrolls of enchant armour
 k - 5 scrolls of teleportation
 t - 2 scrolls of blinking {unknown}
 v - 2 scrolls of amnesia {unknown}
 F - a scroll of enchant weapon {unknown}
 J - a scroll of immolation {unknown}
Potions
 d - a potion of might
 n - 4 potions of lignification
 o - 4 potions of curing {unknown}
 q - 2 potions of flight {unknown}
 z - a potion of mutation {unknown}
 A - 2 potions of haste {unknown}
 B - 3 potions of heal wounds {unknown}
 C - a potion of ambrosia {unknown}
 H - a potion of brilliance {unknown}


   Skills:
 + Level 7.4 Fighting
 + Level 10.7 Axes
 + Level 6.3 Armour
 + Level 1.8 Dodging
 + Level 7.2 Shields


You had 8 spell levels left.
You didn't know any spells.
Your spell library contained the following spells:

 Spells                   Type           Power        Failure   Level
 Confusing Touch          Hex            0%           98%         3
 Gell's Gravitas          Tloc           0%           98%         3
 Petrify                  Tmut/Erth      0%           100%        4
 Metabolic Englaciation   Hex/Ice        0%           100%        5
 Yara's Violent Unravell  Hex/Tmut       0%           100%        5


Dungeon Overview and Level Annotations

Branches:
Dungeon (6/15)             Temple (0/1) D:5           Sewer (visited)

Altars:
Ashenzari
Dithmenos
Sif Muna

Annotations:
D:6 1 transporter, Martska's ghost, novice OgHu


Message History

The gnoll sergeant blocks your attack.
The gnoll sergeant is almost dead.
* * * LOW HITPOINT WARNING * * *
You feel sick. You block the gnoll sergeant's attack.
The gnoll sergeant hits you but does no damage.
You closely miss the gnoll sergeant.
The gnoll sergeant is almost dead.
* * * LOW HITPOINT WARNING * * *
You feel sick. You block the gnoll sergeant's attack.
The gnoll sergeant hits you from afar with a +0 spear.
* * * LOW HITPOINT WARNING * * *
You completely miss the gnoll sergeant.
The gnoll sergeant is almost dead.
* * * LOW HITPOINT WARNING * * *
You feel sick.
The gnoll sergeant hits you but does no damage.
You block the gnoll sergeant's attack.
You slash the gnoll sergeant!
You kill the gnoll sergeant!
You die...

#.#.# #..≈≈#..###.###..#≈≈.# #.#
#.#.###..≈≈#...........#≈≈.# #.#
#.#......≈≈###.##'##.###≈≈.# #..
#.######.≈≈..#.#...#.#..≈≈.#####
#.# #.≈≈.##.#⌠.⌠#.##.≈≈....>.
#.######.≈≈.#©.#...#.g#.≈≈.#####
#........≈≈.##.##g##.##.≈≈.#
#######......#.#...#.#..≈≈.#
#.....©#)♣)©.'.#©.≈≈.#
#......#)#8⌠8#.#..≈≈.#
#..≈≈.##.#####.##.≈≈.#
#..≈≈.#..#):=#.g#.≈≈.# ##
#..≈≈.##.#?..#.##.≈≈.# #.
#..≈≈..#.#$$$#g#..≈≈.####.
#..≈≈###.##'##.###≈≈......
#..≈≈#......)...g#≈≈......
#..≈≈#..###W###..#≈≈..##.#


You could see a gnoll sergeant.

Vanquished Creatures
  Edmund (D:6)
  A necrophage (D:6)
  An ogre (D:5)
  The ghost of Hank the Skirmisher, an amateur DsAK of Lugonu (D:3)
  A phantom (D:5)
  2 centaurs (D:6)
  8 big kobolds (Sewer)
  A gnoll sergeant (D:6)
  4 scorpions
  8 wights (D:6)
  A quasit (D:4)
  2 hounds (D:4)
  2 jellies
  A bullfrog skeleton (D:6)
  A gnoll shaman (D:4)
  4 orc wizards
  3 worker ants
  Ijyb (D:5)
  A killer bee zombie (D:6)
  2 hound skeletons
  8 gnolls
  12 adders
  4 river rats
  A white imp (D:4)
  5 oozes
  3 adder skeletons
  5 worms
  2 dart slugs (D:2)
  3 leopard geckos
  22 orcs
  9 bats
  2 giant cockroaches
  6 goblins
  7 hobgoblins
  13 jackals
  8 kobolds
  9 quokkas
  2 ball pythons (Sewer)
  5 frilled lizards
  A leopard gecko skeleton (D:3)
  11 rats
  3 bushes (D:2)
187 creatures vanquished.

Vanquished Creatures (others)
  11 plants
  2 withered plants (D:3)
13 creatures vanquished.

Grand Total: 200 creatures vanquished

Notes
Turn   | Place    | Note
-------+----------+-------------------------------------------
     0 | D:1      | GenialerGandalf the Hill Orc Fighter began the quest for
                  | the Orb.
     0 | D:1      | Reached XP level 1. HP: 19/19 MP: 1/1
     9 | D:1      | You fall into a shaft and drop 1 floor!
    33 | D:2      | Reached XP level 2. HP: 27/27 MP: 2/2
   240 | D:1      | Reached XP level 3. HP: 31/33 MP: 3/3
   809 | D:2      | Reached skill level 3 in Axes
   878 | D:2      | Found a broken altar of Ashenzari.
  1141 | D:2      | Found a shadowy altar of Dithmenos.
  1299 | D:2      | Reached XP level 4. HP: 34/40 MP: 4/4
  2122 | D:3      | Reached XP level 5. HP: 47/47 MP: 5/5
  2155 | D:3      | Reached skill level 4 in Axes
  2278 | D:3      | Found a shimmering blue altar of Sif Muna.
  2422 | D:3      | Found a runed translucent door.
  2431 | D:3      | Noticed Hank's ghost (amateur DsAK)
  2642 | D:3      | Killed Hank's ghost
  2643 | D:3      | Reached skill level 5 in Axes
  2643 | D:3      | Reached XP level 6. HP: 53/53 MP: 6/6
  2784 | D:4      | Reached skill level 1 in Dodging
  2918 | D:4      | Reached skill level 5 in Shields
  3023 | D:4      | Reached skill level 5 in Fighting
  3026 | D:4      | Reached XP level 7. HP: 55/61 MP: 7/7
  3167 | D:4      | Reached skill level 6 in Axes
  3735 | D:5      | Entered Level 5 of the Dungeon
  3766 | D:5      | Reached skill level 5 in Armour
  3977 | D:5      | Noticed Ijyb
  3997 | D:5      | Killed Ijyb
  3998 | D:5      | Reached skill level 7 in Axes
  4153 | D:5      | Reached XP level 8. HP: 69/69 MP: 8/8
  4180 | D:5      | Found a glowing drain.
  4198 | Sewer    | Entered a sewer
  4476 | Sewer    | Reached skill level 8 in Axes
  5082 | D:5      | Reached skill level 9 in Axes
  5163 | D:5      | Found a staircase to the Ecumenical Temple.
  5282 | D:6      | Noticed Edmund
  5303 | D:6      | Killed Edmund
  5304 | D:6      | Reached XP level 9. HP: 78/78 MP: 9/9
  5333 | D:6      | Noticed Martska's ghost (novice OgHu)
  5333 | D:6      | Identified the cursed +0 scale mail of Impermeability
                  | {Stlth+}
  5333 | D:6      | Identified the +2 kite shield of Monae {+Inv Will+}
  5385 | D:6      | Found a transporter.
  5391 | D:6      | Found a transporter.
  5684 | D:6      | Reached skill level 10 in Axes
  6489 | D:6      | HP: 5/118 [poisoned by a gnoll sergeant]
  6489 | D:6      | HP: 2/118 [gnoll sergeant/+0 spear (3)]
  6491 | D:6      | Succumbed to a gnoll sergeant's poison

Illustrated notes

Levels and vault maps discovered:
D:1:      ncdulo_halloftheorcs, layout_rooms
D:2:      layout_loops_ring, evilmike_ruin_ashenzari,
          grunt_dithmenos_smoke_and_mirrors, serial_forest,
          infiniplex_forest_clump_double, infiniplex_forest_lined_2,
          infiniplex_forest_clump_small, infiniplex_forest_straight_3,
          infiniplex_forest_straight_3, infiniplex_forest_straight_4
D:3:      layout_rooms, lemuel_round_altar, gammafunk_ghost_grave
D:4:      layout_basic, eino_curves_03, kennysheep_flooded_box
D:5:      layout_rooms, minmay_temple_entry_poolview, gup_sewer_entry_bowl,
          uniq_ijyb
D:6:      layout_loops_ring, gammafunk_ghost_gnarly_gnolls, kb_rosetta,
          uniq_edmund

Skill      XL: |  1  2  3  4  5  6  7  8  9 |
---------------+----------------------------+-----
Fighting       | 4 5 6 7 |  7.4
Axes           | 3 5 7 9 10 | 10.7
Shields        | 4 5 6 7 |  7.2
Armour         | 4 5 6 |  6.3
Dodging        | 1 |  1.8

Action                   |  1- 3 |  4- 6 |  7- 9 || total
-------------------------+-------+-------+-------++-------
Melee: War axe           |   184 |   233 |   484 ||   901
  Use: Scroll            |     1 |     3 |     2 ||     6
       Potion            |       |       |     1 ||     1
Armor: Scale mail        |    79 |    87 |       ||   166
       Chain mail        |       |    46 |   231 ||   277
       Skin              |       |       |     3 ||     3
Dodge: Dodged            |    48 |    51 |   118 ||   217
Block: Kite shield       |    93 |   149 |   285 ||   527
